 Dungeon Sprint DCSS version 0.22.1-1-ga44c0e5 (webtiles) character file.

1241 DapperDogman the Peltast (level 8, -2/63 HPs)
             Began as a Black Draconian Fighter on Oct 1, 2018.
             Was a Follower of Wu Jian.
             Slain by a demonic crawler (7 damage)
             ... in the Dungeon (Sprint I: "Red Sonja").
             The game lasted 00:03:06 (847 turns).

DapperDogman the Peltast (Black Draconian Fighter)   Turns: 847, Time: 00:03:06

Health: -2/63      AC:  6    Str: 20    XL:     8   Next: 25%
Magic:  8/8        EV: 12    Int:  9    God:    Wu Jian [*.....]
Gold:   403        SH: 14    Dex: 11    Spells: 7/7 levels left

rFire    . . .     SeeInvis .   a - +0 war axe
rCold    . . .     Gourm    .   b - +0 shield
rNeg     . . .     Faith    .   (armour unavailable)
rPois    .         Spirit   .   (helmet restricted)
rElec    +         Reflect  .   (no cloak)
rCorr    .         Harm     .   (no gloves)
MR       .....     NoTele   +   (no boots)
Stlth    +.........             (no amulet)
HPRegen  0.20/turn              (no ring)
MPRegen  0.11/turn              (no ring)

@: short of breath
A: breathe lightning, unfitting armour, electricity resistance, cold-blooded, AC
+6
a: Breathe Lightning, Renounce Religion


You were in the Dungeon.
You worshipped Wu Jian.
Wu Jian was aware of your devotion.
You were not hungry.

You visited 1 branch You collected 423 gold pieces.
You spent 20 gold pieces at shops.

Inventory:

Hand Weapons
 a - a +0 war axe (weapon)
Armour
 b - a +0 shield (worn)
Scrolls
 j - a scroll of blinking
 k - a scroll of fog
Potions
 c - a potion of might
 e - 2 potions of curing
 f - a potion of heal wounds
 g - a potion of haste
 h - 2 potions of magic
 i - a potion of berserk rage
Comestibles
 d - a ration


   Skills:
 + Level 3.2 Fighting
 - Level 6.2 Axes
 - Level 2.6 Dodging
 - Level 16.4 Shields


You had 7 spell levels left.
You didn't know any spells.
Your spell library was empty.

Dungeon Overview and Level Annotations

Branches:
Dungeon (1/1)

Altars:
Cheibriados
Dithmenos
Elyvilon
Fedhas
Gozag
Hepliaklqana
Kikubaaqudgha
Makhleb
Nemelex Xobeh
Okawaru
Qazlal
Ru
Sif Muna
Trog
Uskayaw
Vehumet
Wu Jian
Xom
Yredelemnul
Zin
The Shining One
Jiyva
Lugonu

Shops:
D ?


Innate Abilities, Weirdness & Mutations

You can breathe wild blasts of lightning.
Your glossy black scales are hard. (AC +6)
You cannot fit into any form of body armour.
You are resistant to electric shocks. (rElec)
You are cold-blooded and may be slowed by cold attacks.


Message History

The demonic crawler completely resists.
The orb of electricity engulfs the demonic crawler.
The demonic crawler resists.
The demonic crawler is lightly wounded.
The orb of electricity engulfs the demonic crawler.
The demonic crawler resists.
The demonic crawler is lightly wounded.
You hear a mighty clap of thunder! x2
The bolt of lightning hits the demonic crawler.
The demonic crawler resists.
The demonic crawler is moderately wounded.
The bolt of lightning hits the demonic crawler.
The demonic crawler completely resists.
The demonic crawler is lightly wounded.
You feel somewhat more hungry.
The demonic crawler hits you but does no damage. x2
You block the demonic crawler's attack. The demonic crawler hits you.
* * * LOW HITPOINT WARNING * * *
The demonic crawler hits you!
You die...

#####################
.)..#..'..#__#..@ss.#
.#..').#..'^.'.)#s..##+#
###'#####'#__####s..'..#
##..#...#.#### #####..+
_####..##.# ##
____##'#_.+ .∩...÷..._#
..__##_.#'# ____###+#.#


You could see 4 demonic crawlers.

Vanquished Creatures
  2 kobold demonologists (D)
  A slime creature (D)
  A yak (D)
  Sigmund (D)
  A floating eye (D)
  An ogre (D)
  A jelly (D)
  Ijyb (D)
9 creatures vanquished.

Notes
Turn   | Place    | Note
-------+----------+-------------------------------------------
     0 | D        | DapperDogman the Draconian Fighter began the quest for the
                  | Orb.
     0 | D        | Reached XP level 1. HP: 19/19 MP: 1/1
     1 | D        | Noticed Ijyb
    14 | D        | Killed Ijyb
    14 | D        | Reached XP level 2. HP: 23/26 MP: 2/2
    46 | D        | Noticed an ogre
    51 | D        | Killed an ogre
    51 | D        | Reached skill level 7 in Shields
    51 | D        | Reached XP level 3. HP: 26/31 MP: 3/3
    51 | D        | Reached XP level 4. HP: 32/38 MP: 4/4
    61 | D        | Noticed Sigmund
    75 | D        | Killed Sigmund
    75 | D        | Reached skill level 11 in Shields
    75 | D        | Reached XP level 5. HP: 21/45 MP: 5/5
   244 | D        | Found an ornate altar of the Wu Jian Council.
   244 | D        | Found a deep blue altar of Sif Muna.
   246 | D        | Found a radiant altar of Vehumet.
   253 | D        | Reached XP level 6. HP: 46/51 MP: 6/6
   254 | D        | Became a worshipper of the Wu Jian Council
   271 | D        | Found Ynaclaic's Magic Scroll Emporium.
   271 | D        | Found an ancient bone altar of Kikubaaqudgha.
   271 | D        | Found a hazy altar of Hepliaklqana.
   271 | D        | Found a stormy altar of Qazlal.
   271 | D        | Found a hide-covered altar of Uskayaw.
   271 | D        | Found a blossoming altar of Fedhas.
   271 | D        | Found a bloodstained altar of Trog.
   271 | D        | Found an iron altar of Okawaru.
   271 | D        | Found a basalt altar of Yredelemnul.
   271 | D        | Found a glowing golden altar of the Shining One.
   271 | D        | Found a snail-covered altar of Cheibriados.
   271 | D        | Found a sacrificial altar of Ru.
   271 | D        | Found a glowing silver altar of Zin.
   271 | D        | Found a shadowy altar of Dithmenos.
   271 | D        | Found a white marble altar of Elyvilon.
   271 | D        | Noticed a yak
   287 | D        | Killed a yak
   287 | D        | Reached skill level 13 in Shields
   475 | D        | Found an opulent altar of Gozag.
   476 | D        | Found a sparkling altar of Nemelex Xobeh.
   480 | D        | Bought a scroll of fog for 20 gold pieces
   499 | D        | Found a burning altar of Makhleb.
   499 | D        | Found a viscous altar of Jiyva.
   499 | D        | Found a shimmering altar of Xom.
   499 | D        | Found a corrupted altar of Lugonu.
   499 | D        | Noticed a slime creature
   513 | D        | HP: 2/51 [slime creature (11)]
   515 | D        | Killed a slime creature
   515 | D        | Reached skill level 14 in Shields
   515 | D        | Your scales start taking on a glossy black colour.
   515 | D        | Reached XP level 7. HP: 2/57 MP: 7/7
   515 | D        | Gained mutation: You are resistant to electric shocks.
                  | (rElec) [Black Draconian growth]
   816 | D        | Noticed a kobold demonologist
   816 | D        | Noticed a kobold demonologist
   818 | D        | Noticed a ynoxinul
   818 | D        | Reached * piety under Wu Jian
   820 | D        | Noticed a red devil
   824 | D        | Noticed a hellwing
   824 | D        | Killed a kobold demonologist
   824 | D        | Reached skill level 15 in Shields
   832 | D        | Killed a kobold demonologist
   832 | D        | Reached skill level 16 in Shields
   832 | D        | Reached XP level 8. HP: 55/63 MP: 8/8
   840 | D        | Noticed a demonic crawler
   840 | D        | Noticed a demonic crawler
   840 | D        | Noticed a demonic crawler
   840 | D        | Noticed a demonic crawler
   847 | D        | Slain by a demonic crawler

Skill      XL: |  1  2  3  4  5  6  7 |
---------------+----------------------+-----
Axes           | 6 |  6.2
Shields        | 7 11 14 16 | 16.4
Fighting       | |  3.2
Dodging        | |  2.6

Action                   |  1- 3 |  4- 6 |  7- 9 || total
-------------------------+-------+-------+-------++-------
Melee: War axe           |    16 |    43 |    18 ||    77
       Tailslap          |     3 |     8 |     2 ||    13
Invok: Whirlwind         |       |       |     1 ||     1
 Abil: Breathe Lightning |       |       |     2 ||     2
Armor: Skin              |     5 |     4 |    10 ||    19
Dodge: Dodged            |     8 |    15 |    10 ||    33
Block: Shield            |     4 |    18 |    18 ||    40
